AoeStats
← adrienzk

Arena

510694349Analyzed
1v1 RM · 10h ago on Oct 2, 2026· 53m 52s· 2 players
Game mode
Random Map
Map size
Tiny (2 player)
Population
200
Speed
Normal
Resources
Standard
Victory
Conquest
Starting age
Dark Age
Ending age
Imperial Age
RankedLock teamsTeams togetherTeam positionsShared explorationLock speedFull tech treeHidden civsTurbo modeCheats
Victory
Defeat
🇫🇷 Danes · France
1209
+16
🇨🇳 Britons · China
1199
-16
小雷同志
10:03 Feudal Age
13:43 Castle Age
11:45 Double-Bit Axe
22:26 Wheelbarrow
22:25 Bow Saw
22:32 Horse Collar
23:20 Heavy Plow
24:57 Gold Mining
24:59 Stone Mining
28:20 Imperial Age
26:54 Squires
26:40 Arson
26:25 Pikeman
27:17 Scale Mail Armor
27:41 Hand Cart
28:36 Loom
28:51 Halberdier
30:13 Chain Mail Armor
30:08 Forging
32:38 Plate Mail Armor
32:43 Iron Casting
36:14 Fortified Wall
38:45 Chemistry
38:48 Blast Furnace
37:39 Fletching
40:32 Bodkin Arrow
40:38 Padded Archer Armor
40:47 Padded Archer Armor
41:08 Ballistics
40:29 Treadmill Crane
41:23 Bracer
43:50 Conscription
44:58 Scale Barding Armor
45:11 Leather Archer Armor
46:21 Husbandry
45:42 Light Cavalry
47:43 Chain Barding Armor
47:58 Ring Archer Armor
49:21 Plate Barding Armor
49:32 Yeomen
50:40 Elite Skirmisher
adrienzk
10:12 Feudal Age
9:23 Loom
14:49 Castle Age
13:34 Double-Bit Axe
14:10 Horse Collar
24:39 Forging
26:49 Iron Casting
26:45 Scale Mail Armor
27:48 Squires
27:33 Arson
33:14 Imperial Age
32:22 Wheelbarrow
31:46 Gold Mining
32:02 Heavy Plow
33:31 Town Watch
34:01 Hand Cart
34:33 Chain Mail Armor
35:31 Bow Saw
35:01 Capped Ram
35:23 Cranequins
36:10 Fletching
36:21 Padded Archer Armor
36:38 Thumb Ring
37:15 Bodkin Arrow
37:45 Ballistics
38:06 Town Patrol
38:14 Elite Skirmisher
39:27 Conscription
39:46 Bracer
40:44 Scale Barding Armor
42:20 Chemistry
42:08 Chain Barding Armor
42:50 Blast Furnace
42:58 Plate Mail Armor
43:27 Leather Archer Armor
43:56 Elite Varangian Guard
45:03 Siege Ram
47:05 Plate Barding Armor
49:33 Gold Shaft Mining
50:07 Heavy Mounted Crossbowman
50:28 Heavy Scorpion
53:29 Elite Jomsviking
53:33 Hamask
Connection lost

Rejoining the realm…

Still unreachable

The connection could not be restored.

Session expired

The server has moved on; the page needs a fresh start.